[Event "Istanbul Open 2018"]
[Site "Istanbul"]
[Date "2018.09.06"]
[Round "7"]
[White "Ersoy, Emre"]
[Black "Yilmaz, Aras"]
[Result "1-0"]
[ECO "C90"]
[WhiteElo "1557"]
[BlackElo "1632"]
[Annotator "NA RC"]
[PlyCount "115"]
[EventDate "2018.09.02"]
[EventType "swiss"]
[EventCountry "TUR"]
[SourceTitle "playchess.com"]
[Source "ChessBase"]
[SourceQuality "1"]
[TimeControl "5400+30"]

1. e4 e5 2. Nf3 Nc6 3. Bb5 a6 4. Ba4 Nf6 5. O-O d6 6. Re1 Bg4 7. c3 Be7 8. d3 O-O 9. Nbd2 b5 10. Bb3 Na5 11. Bc2 c5 12. Nf1 Nc6 13. Ne3 Bd7 14. h3 Ne8 15. Nd5 f5 16. d4 f4 17. dxc5 dxc5 18. a4 b4 19. Nb6 Qxb6 20. Qxd7 Qc7 21. Bb3+ Kh8 22. Qxc7 Nxc7 23. Bd5 Nxd5 24. exd5 Na5 25. Nxe5 Rad8 26. Nc6 Nxc6 27. dxc6 Bf6 28. cxb4 cxb4 29. Bxf4 Bxb2 30. Rab1 Bc3 31. c7 Rd4 32. Be5 Rc4 33. Bxc3 Rxc3 34. Rec1 Rxc1+ 35. Rxc1 Rc8 36. Kf1 Kg8 37. Ke2 Kf7 38. Kd3 a5 39. Rc5 Ke6 40. Rxa5 Rxc7 41. Rb5 Rc3+ 42. Kd2 Rb3 43. Kc2 Ra3 44. Rxb4 Ra2+ 45. Kb3 Rxf2 46. a5 Rxg2 47. a6 Rg3+ 48. Kc4 Rxh3 49. Ra4 Rf3 50. a7 Rf8 51. a8=Q Rxa8 52. Rxa8 h5 53. Ra5 g6 54. Kd4 h4 55. Ke4 Kf6 56. Kf4 Kg7 57. Kg5 h3 58. Ra3 1-0

[Event "Istanbul Open 2018"]
[Site "Istanbul"]
[Date "2018.09.06"]
[Round "7"]
[White "Temizer, Umut"]
[Black "Topsir, Furkan"]
[Result "0-1"]
[ECO "B06"]
[WhiteElo "1476"]
[BlackElo "1550"]
[Annotator "NA RC"]
[PlyCount "58"]
[EventDate "2018.09.02"]
[EventType "swiss"]
[EventCountry "TUR"]
[SourceTitle "playchess.com"]
[Source "ChessBase"]
[SourceQuality "1"]
[TimeControl "5400+30"]

1. e4 g6 2. d4 Bg7 3. Nf3 d6 4. Bc4 e6 5. Nc3 a6 6. a4 b6 7. O-O Ne7 8. Bb3 Nd7 9. Bg5 h6 10. Be3 O-O 11. Qd2 Kh7 12. h4 Nf6 13. Rad1 Bb7 14. Qd3 c5 15. dxc5 dxc5 16. a5 Qc7 17. axb6 Qxb6 18. Na4 Qc7 19. Nxc5 Rfd8 20. Qc4 Rxd1 21. Rxd1 Rc8 22. Qb4 Rb8 23. Nd7 Nc6 24. Qd6 Qxd7 25. Qxd7 Nxd7 26. Rxd7 Kg8 27. Bf4 e5 28. Be3 Bc8 29. Bd5 Bxd7 0-1

[Event "Istanbul Open 2018"]
[Site "Istanbul"]
[Date "2018.09.07"]
[Round "8"]
[White "Aliakbarov, Anar"]
[Black "Guven, Oguz Kagan"]
[Result "0-1"]
[ECO "A61"]
[WhiteElo "2322"]
[BlackElo "2022"]
[Annotator "NA"]
[PlyCount "76"]
[EventDate "2018.09.02"]
[EventType "swiss"]
[EventCountry "TUR"]
[SourceTitle "playchess.com"]
[Source "ChessBase"]
[SourceQuality "1"]
[TimeControl "5400+30"]

1. d4 Nf6 2. c4 c5 3. d5 e6 4. Nc3 exd5 5. cxd5 d6 6. Nf3 g6 7. Bf4 a6 8. a4 Bg7 9. h3 {[%emt 0:00:30] A61: Modern Benoni: Nf3 without early e4} (9. e3 O-O 10. h3 Qe7 11. Bd3 Nbd7 12. O-O Ne8 13. e4 Rb8 14. Re1 Nc7 15. Qd2 Ne5 16. Nxe5 Bxe5 17. Bxe5 Qxe5 18. a5 {1-0 (42) Akobian,V (2647)-Ponkratov,P (2613) Riadh 2017}) 9... O-O 10. Nd2 Nh5 11. Bh2 f5 12. g3 Nd7 13. g4 $146 ({Predecessor:} 13. e3 Ne5 14. Be2 Qe7 15. Kf1 Nf6 {½-½ (30) Sherwin,J (2184)-Turner,J (1951) Newport 2008}) 13... fxg4 14. hxg4 Qh4 15. Nf3 Qxg4 16. Bxd6 Re8 17. e3 Qb4 18. Qc2 Ndf6 19. Rh4 Qb6 20. Bh2 Bf5 21. a5 Qd8 22. Bd3 Bxd3 23. Qxd3 Nd7 24. d6 Qf6 25. Qd5+ Kh8 $1 26. Ke2 Rf8 27. Rh1 Rae8 28. Rh3 b5 29. axb6 Nxb6 30. Qxc5 Nd7 31. Qc6 Qf5 32. Rh4 Rb8 33. Nd1 Rbc8 34. Qe4 Qb5+ 35. Ke1 $2 (35. Qd3 Qxd3+ 36. Kxd3 Rxf3 37. b3) 35... Nc5 36. Nd4 Qb4+ 37. Kf1 $19 Nxe4 38. Rxe4 Qb7 0-1

[Event "Istanbul Open 2018"]
[Site "Istanbul"]
[Date "2018.09.07"]
[Round "8"]
[White "Gulsoy, Mustafa Alpago"]
[Black "Ozsakallioglu, Akin"]
[Result "1-0"]
[ECO "B22"]
[WhiteElo "2061"]
[BlackElo "1861"]
[Annotator "NA"]
[PlyCount "65"]
[EventDate "2018.09.02"]
[EventType "swiss"]
[EventCountry "TUR"]
[SourceTitle "playchess.com"]
[Source "ChessBase"]
[SourceQuality "1"]
[TimeControl "5400+30"]

1. e4 c5 2. c3 Nf6 3. e5 Nd5 4. d4 cxd4 5. Nf3 Nc6 6. cxd4 d6 7. Be2 dxe5 {[%emt 0:01:00] B22: Sicilian: 2 c3} 8. Nxe5 (8. dxe5 e6 9. O-O Be7 10. Nbd2 O-O 11. Nc4 Qc7 12. Qc2 Bd7 13. Qe4 b5 14. Ne3 Ncb4 15. a3 Nxe3 16. Bxe3 {½-½ (65) Savic,M (2539)-Kovacevic,A (2571) Vrnjacka Banja 2013}) 8... e6 9. O-O Nxe5 10. dxe5 Bd7 11. Qb3 Qb6 $146 ({Predecessor:} 11... Bc6 12. Qg3 g6 13. Nd2 Ne7 14. Qf4 Nf5 15. Ne4 Bg7 16. Rd1 Qc7 17. Nd6+ {½-½ (17) Fleuch,H (2078)-Andersson,K (2058) Rogaska Slatina 2012}) 12. Qg3 h5 13. h4 g6 14. Na3 Bxa3 15. bxa3 Qd4 16. Be3 Qb2 17. Bf3 Nxe3 18. fxe3 Bc6 19. Bxc6+ bxc6 20. Rab1 Qc2 21. Rb7 O-O 22. Rf4 Rab8 23. Rxa7 Ra8 24. Rb7 Rxa3 25. Qg5 Rxa2 26. Kh2 Rb2 27. Rc7 Ra2 28. Re7 $11 Rb2 29. Rc7 Ra2 30. Re7 Rb2 31. Rd7 Ra2 32. Rf6 Ra4 33. Rdxf7 1-0

[Event "Istanbul Open 2018"]
[Site "Istanbul"]
[Date "2018.09.07"]
[Round "8"]
[White "Akin, Yagiz Cinar"]
[Black "Aydin, Kaan Ayhan"]
[Result "*"]
[ECO "C50"]
[WhiteElo "1963"]
[BlackElo "1877"]
[Annotator "NA"]
[PlyCount "62"]
[EventDate "2018.09.02"]
[EventType "swiss"]
[EventCountry "TUR"]
[SourceTitle "playchess.com"]
[Source "ChessBase"]
[SourceQuality "1"]
[TimeControl "5400+30"]

1. e4 e5 2. Nf3 Nc6 3. Bc4 Bc5 4. O-O Nf6 5. d3 d6 6. h3 Be6 7. Bxe6 fxe6 8. c3 Bb6 9. b4 O-O 10. a4 a5 11. b5 Ne7 12. Qb3 Qd7 13. Nbd2 Nh5 14. Nc4 Ng6 15. Nxb6 cxb6 16. Qd1 Ngf4 17. g3 Ng6 18. Ba3 Rac8 19. Rc1 h6 20. Nd2 Nhf4 21. gxf4 Rxf4 22. f3 Rh4 23. Nc4 Nf4 24. Kf2 Rxh3 25. Rh1 Rxh1 26. Qxh1 Nxd3+ 27. Ke3 Nxc1 28. Nxb6 Rxc3+ 29. Kd2 Rd3+ 30. Kxc1 Qc7+ 31. Kb1 Qxb6 *

[Event "Istanbul Open 2018"]
[Site "Istanbul"]
[Date "2018.09.07"]
[Round "8"]
[White "Aydin, Hasan Bora"]
[Black "Kuseyri, Mehmet Ali"]
[Result "0-1"]
[ECO "B94"]
[WhiteElo "1950"]
[BlackElo "1962"]
[Annotator "NA"]
[PlyCount "72"]
[EventDate "2018.09.02"]
[EventType "swiss"]
[EventCountry "TUR"]
[SourceTitle "playchess.com"]
[Source "ChessBase"]
[SourceQuality "1"]
[TimeControl "5400+30"]

1. e4 c5 2. Nf3 d6 3. d4 cxd4 4. Nxd4 Nf6 5. Nc3 a6 6. Bg5 Nbd7 7. f4 Qc7 8. Qe2 {B94: Sizilianisch (Najdorf-Variante mit 6.Lg5)} g6 9. O-O-O Bg7 10. Bxf6 Nxf6 11. e5 dxe5 12. fxe5 Ng4 $146 ({Vorgänger:} 12... Bg4 13. Nf3 Nd7 {0-1 (36) Sommerbauer,N (2427)-Czebe,A (2494) Oberwart 2005}) 13. e6 Qf4+ 14. Kb1 Bxd4 15. Nd5 Qe5 16. Qxg4 Qxd5 17. exf7+ Kxf7 18. Qf4+ Kg7 19. Rxd4 e5 20. Rxd5 exf4 21. Bd3 Rf8 22. Re1 Bg4 23. Re7+ Rf7 24. Rxf7+ Kxf7 25. Rd4 g5 26. h3 Re8 27. Re4 Be6 28. Be2 Bxa2+ 29. Kxa2 Rxe4 30. Bf3 Re7 31. c4 $19 (31. Kb3 $142) 31... b6 32. b4 Re3 33. Bb7 a5 34. c5 axb4 35. cxb6 Ke7 36. Be4 Kd6 0-1

[Event "Istanbul Open 2018"]
[Site "Istanbul"]
[Date "2018.09.07"]
[Round "8"]
[White "Oztekin, Kerem Can"]
[Black "Kelpetin, Umut Can"]
[Result "1/2-1/2"]
[ECO "B91"]
[WhiteElo "1943"]
[BlackElo "1798"]
[Annotator "NA RC"]
[PlyCount "77"]
[EventDate "2018.09.02"]
[EventType "swiss"]
[EventCountry "TUR"]
[SourceTitle "playchess.com"]
[Source "ChessBase"]
[SourceQuality "1"]
[TimeControl "5400+30"]

1. e4 c5 2. Nf3 d6 3. d4 cxd4 4. Nxd4 Nf6 5. Nc3 a6 6. g3 e5 7. Nde2 Be6 8. Bg2 Be7 9. a4 O-O 10. O-O Qc7 11. h3 $11 h6 12. g4 Kh7 13. Ng3 g6 14. f4 exf4 15. Bxf4 Nbd7 16. Kh1 Rac8 17. g5 hxg5 18. Bxg5 Kg7 19. Qd2 Rh8 20. h4 Qa5 21. Kg1 Qb6+ 22. Be3 Qb4 23. h5 Nxh5 24. Bd4+ Ne5 25. Nf5+ gxf5 26. exf5 Bc4 27. f6+ Nxf6 28. Qg5+ Kf8 29. Rxf6 Bxf6 30. Qxf6 Rg8 31. Rd1 Re8 32. Qh6+ Ke7 33. Bxe5 dxe5 34. Qh4+ Kf8 35. Qh6+ Rg7 36. Qh8+ Rg8 37. Qh6+ Rg7 38. Qh8+ Rg8 39. Qh4 1/2-1/2

[Event "Istanbul Open 2018"]
[Site "Istanbul"]
[Date "2018.09.07"]
[Round "8"]
[White "Ozveren, Ali Bulent"]
[Black "Bagaturov, Giorgi"]
[Result "0-1"]
[ECO "A48"]
[WhiteElo "1849"]
[BlackElo "2396"]
[Annotator "ChessBase"]
[PlyCount "46"]
[EventDate "2018.09.02"]
[EventType "swiss"]
[EventCountry "TUR"]
[SourceTitle "playchess.com"]
[Source "ChessBase"]
[SourceQuality "1"]
[TimeControl "5400+30"]

1. d4 Nf6 2. Nf3 c5 3. c3 b6 4. Bf4 g6 5. e3 Bg7 6. Be2 O-O 7. O-O d6 8. h3 Bb7 9. Nbd2 Nbd7 10. Bh2 Qc7 11. a4 a6 12. b4 a5 13. bxc5 bxc5 14. Qc2 cxd4 15. Nxd4 Rfc8 16. Rfc1 Nd5 17. Ra3 Qd8 18. Nc4 Ba6 19. Nb5 Nxc3 20. Nxc3 Bxc4 21. Bf3 Rab8 22. Qd2 Nc5 23. Nd1 Nb3 0-1

[Event "Istanbul Open 2018"]
[Site "Istanbul"]
[Date "2018.09.07"]
[Round "8"]
[White "Gonullu, Muhammed Sinan"]
[Black "Emir, Emirhan"]
[Result "0-1"]
[ECO "C07"]
[WhiteElo "1816"]
[BlackElo "1852"]
[Annotator "NA"]
[PlyCount "105"]
[EventDate "2018.09.02"]
[EventType "swiss"]
[EventCountry "TUR"]
[SourceTitle "playchess.com"]
[Source "ChessBase"]
[SourceQuality "1"]
[TimeControl "5400+30"]

1. d4 e6 2. e4 d5 3. Nd2 c5 4. exd5 Qxd5 5. Ngf3 cxd4 6. Bc4 Qd7 7. O-O Nc6 8. Nb3 Nf6 9. Nfxd4 Nxd4 10. Qxd4 Qxd4 11. Nxd4 Bc5 12. Nb3 Bb6 13. a4 a6 14. Bg5 Bd7 15. Bd3 Bc6 16. Rfe1 h6 17. Bxf6 gxf6 18. Be4 Rc8 19. Bxc6+ Rxc6 20. c3 Ke7 21. Red1 f5 22. Rd3 Rd8 23. Rxd8 Bxd8 24. Nd4 Rc4 25. Kf1 Bb6 26. Ne2 e5 27. b3 Rc8 28. Rd1 Ke6 29. Ke1 f4 30. Rd3 Rg8 31. Kf1 Rd8 32. Rxd8 Bxd8 33. Ke1 Bb6 34. Nc1 e4 35. Ke2 h5 36. f3 f5 37. Na2 a5 38. Kf1 Be3 39. Ke2 Bg1 40. h3 Kf6 41. Kf1 Be3 42. c4 Bd2 43. Ke2 e3 44. h4 Ke5 45. Kd3 b6 46. Nc3 Bxc3 47. Kxc3 e2 48. Kd2 Kd4 49. Kxe2 Kc3 50. b4 Kxb4 51. Kd3 Kxa4 52. Kc3 Ka3 53. Kd4 0-1

[Event "Istanbul Open 2018"]
[Site "Istanbul"]
[Date "2018.09.07"]
[Round "8"]
[White "Kavacik, Ahmet"]
[Black "Mehrinejad, Mansour"]
[Result "1-0"]
[ECO "A96"]
[WhiteElo "1800"]
[BlackElo "1839"]
[Annotator "NA RC"]
[PlyCount "118"]
[EventDate "2018.09.02"]
[EventType "swiss"]
[EventCountry "TUR"]
[SourceTitle "playchess.com"]
[Source "ChessBase"]
[SourceQuality "1"]
[TimeControl "5400+30"]

1. c4 f5 2. Nc3 Nf6 3. d4 e6 4. Nf3 Be7 5. g3 O-O 6. Bg2 Ne4 7. Qc2 Nxc3 8. Qxc3 d6 9. O-O Nd7 10. Bf4 Nf6 11. Bg5 h6 12. Bxf6 Bxf6 13. Rad1 Qe7 14. Rfe1 e5 15. dxe5 dxe5 16. e4 fxe4 17. Nd2 Bg4 18. Rb1 Bf3 19. Nxe4 Bxg2 20. Kxg2 Rad8 21. Re2 Rd4 22. b3 Qd7 23. Rbe1 Kh8 24. Qe3 Kh7 25. h4 Qf5 26. Qc1 Be7 27. Qc2 Kh8 28. Re3 Qg4 29. Qe2 Qg6 30. Kh2 Bb4 31. Rd1 Rfd8 32. Red3 Qf5 33. Kg2 Qd7 34. Rxd4 exd4 35. Rd3 Be7 36. Qh5 Kg8 37. Qg6 c5 38. Nc3 Qc6+ 39. Qxc6 bxc6 40. Ne4 Kf7 41. f4 Ke6 42. Kf3 Kf5 43. g4+ Ke6 44. Rd2 a5 45. g5 a4 46. Kg4 hxg5 47. hxg5 axb3 48. axb3 Rb8 49. Rd3 g6 50. Ng3 Rf8 51. Rf3 Rd8 52. f5+ gxf5+ 53. Nxf5 Rf8 54. Rf1 Kd7 55. Rh1 Rg8 56. Rh7 Re8 57. g6 Kd8 58. Nxe7 Rxe7 59. g7 Kd7 1-0

[Event "Istanbul Open 2018"]
[Site "Istanbul"]
[Date "2018.09.07"]
[Round "8"]
[White "Sarikavak, Serdar Ihsan"]
[Black "Abishli, Oghuz"]
[Result "1/2-1/2"]
[ECO "A40"]
[WhiteElo "1798"]
[BlackElo "2099"]
[Annotator "NA RC"]
[PlyCount "89"]
[EventDate "2018.09.02"]
[EventType "swiss"]
[EventCountry "TUR"]
[SourceTitle "playchess.com"]
[Source "ChessBase"]
[SourceQuality "1"]
[TimeControl "5400+30"]

1. e4 c5 2. Nf3 g6 3. d4 cxd4 4. Nxd4 Bg7 5. c4 b6 6. Nc3 Bb7 7. Be3 {[%emt 0:01:30] A40: Unusual replies to 1 d4} (7. Be2 Nc6 8. Be3 Nf6 9. O-O O-O 10. Qd2 Qb8 11. f3 Rd8 12. Rfd1 (12. f4 d6 13. Ndb5 Rd7 14. Rad1 Qf8 15. g4 Rdd8 16. g5 Nd7 17. f5 Be5 18. Nd5 Rac8 19. fxg6 hxg6 20. Rf3 Bh8 21. Rh3 Nde5 22. Qe1 {1-0 (22) Bogdanovich,S (2581)-Kislinsky,A (2489) Kiev 2015}) 12... e6 13. Nxc6 dxc6 14. Qxd8+ Qxd8 15. Rxd8+ Rxd8 16. a4 Nd7 17. a5 Rb8 18. Rd1 Bc8 19. axb6 axb6 20. Na4 {1-0 (44) Fridman,D (2668)-McShane,L (2713) Wolvega 2012}) 7... Nf6 8. f3 O-O 9. Qd2 Nc6 10. Nxc6 $146 dxc6 11. Be2 Qc7 12. O-O-O b5 13. Bh6 b4 14. Bxg7 Kxg7 15. Na4 c5 16. Qe3 Nd7 17. h4 h6 18. Rd3 {[%emt 0:18:30] [#]} Nb6 $1 19. Nxb6 axb6 20. Kb1 Qe5 21. Bd1 Rfd8 22. Bc2 Rd4 23. Rhd1 Rad8 24. Qe1 Ba6 25. b3 Rxd3 26. Bxd3 Bb7 27. Bc2 Rxd1+ $15 28. Qxd1 Qd6 29. Qxd6 exd6 30. Kc1 g5 31. hxg5 hxg5 32. Kd2 Kf6 33. Ke3 Ke5 34. g3 f6 35. Bd3 Bc6 36. Bf1 g4 37. f4+ Ke6 38. f5+ Ke5 39. Bd3 Bd7 40. Be2 Bc6 41. Bd3 Bb7 42. Bc2 Ba6 43. Bd1 Bb7 44. Bc2 Ba6 45. Bd3 1/2-1/2

[Event "Istanbul Open 2018"]
[Site "Istanbul"]
[Date "2018.09.07"]
[Round "8"]
[White "Can, Ilhan"]
[Black "Ersoy, Emre"]
[Result "1-0"]
[ECO "A30"]
[WhiteElo "1771"]
[BlackElo "1557"]
[Annotator "NA"]
[PlyCount "79"]
[EventDate "2018.09.02"]
[EventType "swiss"]
[EventCountry "TUR"]
[SourceTitle "playchess.com"]
[Source "ChessBase"]
[SourceQuality "1"]
[TimeControl "5400+30"]

1. Nf3 e6 2. g3 Nf6 3. Bg2 b6 4. O-O Bb7 5. c4 c5 6. Nc3 a6 7. h3 Qc7 8. d3 Nc6 9. e4 d6 10. Be3 Be7 11. Rc1 O-O 12. Qd2 Nd7 13. d4 cxd4 14. Nxd4 Nxd4 15. Bxd4 Rac8 16. b3 Bf6 17. Be3 Rfd8 18. f3 d5 19. exd5 Qxg3 20. Ne4 Qg6 21. Nd6 Rc7 22. Nxb7 Rxb7 23. dxe6 fxe6 24. Qc2 Qg3 25. Qf2 Qb8 26. f4 Rc7 27. f5 e5 28. Bd5+ Kh8 29. Rcd1 Nc5 30. b4 Na4 31. Qc2 b5 32. c5 Rcd7 33. Be6 Rxd1 34. Rxd1 Rxd1+ 35. Qxd1 e4 36. Qd6 Be5 37. Qxb8+ Bxb8 38. Bd4 Bf4 39. f6 Bh6 40. f7 1-0

[Event "Istanbul Open 2018"]
[Site "Istanbul"]
[Date "2018.09.07"]
[Round "8"]
[White "Sen, Irem"]
[Black "Gezici, Omer Ata"]
[Result "*"]
[ECO "D11"]
[WhiteElo "1670"]
[BlackElo "1736"]
[Annotator "NA RC"]
[PlyCount "54"]
[EventDate "2018.09.02"]
[EventType "swiss"]
[EventCountry "TUR"]
[SourceTitle "playchess.com"]
[Source "ChessBase"]
[SourceQuality "1"]
[TimeControl "5400+30"]

1. d4 d5 2. Nf3 Nf6 3. c4 c6 4. Nbd2 Bf5 5. Nh4 Be4 6. f3 Bg6 7. Qb3 Qc7 8. g4 e6 9. g5 Nfd7 10. e4 dxe4 11. Nxg6 hxg6 12. Nxe4 Na6 13. c5 Naxc5 14. dxc5 Nxc5 15. Nxc5 Bxc5 16. Qc3 Qb6 17. Bd2 Bf2+ 18. Kd1 O-O-O 19. Kc2 Bg3 20. h3 Rd7 21. Be3 Qc7 22. Be2 Be5 23. Qb4 c5 24. Qe4 Bd4 25. Rad1 Qg3 26. Bxd4 Rh4 27. Qe5 Qg2 *

[Event "Istanbul Open 2018"]
[Site "Istanbul"]
[Date "2018.09.07"]
[Round "8"]
[White "Mete, Burak"]
[Black "Acar, Cengiz Can"]
[Result "1/2-1/2"]
[ECO "B01"]
[WhiteElo "1648"]
[BlackElo "1755"]
[Annotator "NA"]
[PlyCount "51"]
[EventDate "2018.09.02"]
[EventType "swiss"]
[EventCountry "TUR"]
[SourceTitle "playchess.com"]
[Source "ChessBase"]
[SourceQuality "1"]
[TimeControl "5400+30"]

1. e4 d5 2. exd5 Qxd5 3. Nc3 Qd6 4. Nf3 c6 5. g3 Nf6 6. d4 Bg4 7. Bg2 e6 8. O-O Nbd7 9. a3 Qc7 10. Qd3 Bd6 11. Ne4 Nxe4 12. Qxe4 Nf6 13. Qe3 O-O 14. c4 c5 15. dxc5 Bxc5 16. Qb3 b6 17. Bf4 Bd6 18. Bxd6 Qxd6 19. h3 Bh5 20. g4 Bg6 21. Rad1 Qc5 22. Rfe1 Be4 23. Qe3 Qxe3 24. Rxe3 h6 25. Ne5 Bxg2 26. Kxg2 1/2-1/2

[Event "Istanbul Open 2018"]
[Site "Istanbul"]
[Date "2018.09.07"]
[Round "8"]
[White "Tahaoglu, Erkin"]
[Black "Kocer, Ahmet Doruk"]
[Result "0-1"]
[ECO "D00"]
[WhiteElo "1613"]
[BlackElo "1635"]
[Annotator "NA RC"]
[PlyCount "122"]
[EventDate "2018.09.02"]
[EventType "swiss"]
[EventCountry "TUR"]
[SourceTitle "playchess.com"]
[Source "ChessBase"]
[SourceQuality "1"]
[TimeControl "5400+30"]

1. d4 d5 2. Bf4 Nf6 3. e3 c5 4. Nd2 Nc6 5. c3 Qb6 6. Qb3 c4 7. Qc2 e6 8. Be2 Be7 9. Ngf3 Qa5 10. O-O b5 11. Ne5 Nxe5 12. dxe5 Nd7 13. e4 Nc5 14. b4 Qa4 15. Qb1 Nd7 16. exd5 exd5 17. Nf3 Nf8 18. Nd4 Ne6 19. Be3 Nxd4 20. Bxd4 Be6 21. Bd1 Qa3 22. f4 g6 23. Bc2 O-O-O 24. Qe1 Kb8 25. f5 gxf5 26. Bxf5 h5 27. Qe3 Rhg8 28. Qh3 Qb2 29. Bxe6 fxe6 30. Rab1 Qc2 31. Rbc1 Qg6 32. a4 bxa4 33. Ra1 Rd7 34. Rxa4 Bd8 35. Rfa1 Rgg7 36. R4a2 h4 37. b5 Rb7 38. Qe3 a5 39. b6 Rg8 40. Rf2 Rbg7 41. Qe2 Kb7 42. Rxa5 Qb1+ 43. Qf1 Qe4 44. Ra7+ Kc6 45. Rxg7 Rxg7 46. Qe2 Qxe2 47. Rxe2 Bxb6 48. Bxb6 Kxb6 49. Rd2 Rg5 50. Re2 h3 51. g3 Rf5 52. Re3 Kc5 53. g4 Rg5 54. Kf2 Rxg4 55. Rxh3 d4 56. Kf3 d3 57. Rh8 Rg7 58. Rd8 Rh7 59. Kg3 Rh5 60. h4 Rxe5 61. Kg4 Rd5 0-1

[Event "Istanbul Open 2018"]
[Site "Istanbul"]
[Date "2018.09.07"]
[Round "8"]
[White "Pektas, Gokdeniz"]
[Black "Ocakacan, Deniz"]
[Result "0-1"]
[ECO "D87"]
[WhiteElo "1602"]
[BlackElo "1650"]
[Annotator "NA"]
[PlyCount "76"]
[EventDate "2018.09.02"]
[EventType "swiss"]
[EventCountry "TUR"]
[SourceTitle "playchess.com"]
[Source "ChessBase"]
[SourceQuality "1"]
[TimeControl "5400+30"]

1. d4 Nf6 2. c4 g6 3. Nc3 d5 4. cxd5 Nxd5 5. e4 Nxc3 6. bxc3 Bg7 7. Bc4 c5 8. Be3 Nc6 9. Ne2 O-O 10. Rc1 Qc7 11. h4 Rd8 12. h5 Ne5 13. Bf4 b5 14. Bd5 Rb8 15. hxg6 hxg6 16. Bxe5 Bxe5 17. dxe5 e6 18. Qd2 exd5 19. Qh6 Qxe5 20. Qh7+ Kf8 21. Qh8+ Qxh8 22. Rxh8+ Ke7 23. Rxd8 Kxd8 24. Rd1 Bb7 25. Nf4 Kd7 26. Nxd5 Bxd5 27. Rxd5+ Kc6 28. Re5 Rb7 29. Kd2 c4 30. f4 Rd7+ 31. Kc2 Rd6 32. f5 gxf5 33. exf5 Rd5 34. Rxd5 Kxd5 35. a4 bxa4 36. Kb2 Ke5 37. Ka3 Kxf5 38. Kb4 a3 0-1

[Event "Istanbul Open 2018"]
[Site "Istanbul"]
[Date "2018.09.07"]
[Round "8"]
[White "Topsir, Furkan"]
[Black "Bayramov, Araz"]
[Result "1-0"]
[ECO "B01"]
[WhiteElo "1550"]
[BlackElo "1750"]
[Annotator "NA"]
[PlyCount "83"]
[EventDate "2018.09.02"]
[EventType "swiss"]
[EventCountry "TUR"]
[SourceTitle "playchess.com"]
[Source "ChessBase"]
[SourceQuality "1"]
[TimeControl "5400+30"]

1. e4 d5 2. exd5 Qxd5 3. Nc3 Qa5 4. d4 Nf6 5. Nf3 Bg4 6. Be2 Nc6 7. Bb5 Nd5 8. Bxc6+ bxc6 9. Bd2 Nxc3 10. Bxc3 Qd5 11. Qd3 Bxf3 12. Qxf3 Qxf3 13. gxf3 e6 14. Rg1 O-O-O 15. O-O-O Rd5 16. Rg4 g6 17. Kb1 Bg7 18. Rf4 Rd7 19. Rd3 Rhd8 20. b4 Rf8 21. Kb2 Rd5 22. Kb3 Rh5 23. h4 Bh6 24. Re4 Bg7 25. Rf4 f5 26. d5 Bh6 27. Rc4 cxd5 28. Rc6 Re8 29. Be5 f4 30. Rxc7+ Kd8 31. Rxh7 Rxe5 32. Rxh6 Re7 33. Rxg6 Rh5 34. Rg4 Rf7 35. Rd4 Rhf5 36. c4 Kc7 37. cxd5 exd5 38. Rg5 Kd6 39. Rg6+ Ke5 40. Rd1 Rh7 41. Re1+ Kd4 42. Rge6 1-0

[Event "Istanbul Open 2018"]
[Site "Istanbul"]
[Date "2018.09.07"]
[Round "8"]
[White "Gulceken, Sumeyye"]
[Black "Hakkaki Fard, Pedram"]
[Result "1/2-1/2"]
[ECO "D27"]
[WhiteElo "1549"]
[BlackElo "1815"]
[Annotator "NA RC"]
[PlyCount "85"]
[EventDate "2018.09.02"]
[EventType "swiss"]
[EventCountry "TUR"]
[SourceTitle "playchess.com"]
[Source "ChessBase"]
[SourceQuality "1"]
[TimeControl "5400+30"]

1. d4 d5 2. c4 dxc4 3. Nf3 c5 4. e3 Nf6 5. Bxc4 e6 6. Nc3 a6 7. O-O b5 8. Be2 Nc6 9. a3 cxd4 10. Nxd4 Nxd4 11. exd4 Bb7 12. Be3 Be7 13. Rc1 O-O 14. Bf3 Qd7 15. Qe2 Rfd8 16. Rfd1 h6 17. Bf4 Rac8 18. Be5 Bxf3 19. Qxf3 Qc6 20. Qxc6 Rxc6 21. Nd5 Rxc1 22. Nxe7+ Kf8 23. Ng6+ fxg6 24. Rxc1 Ke7 25. f3 a5 26. Kf2 a4 27. Rc5 Rd5 28. Ke2 g5 29. Kd3 Rxc5 30. dxc5 Kd7 31. Kd4 Kc6 32. g3 h5 33. h3 Ne8 34. f4 gxf4 35. gxf4 Nf6 36. h4 Ne8 37. Bb8 Nf6 38. Bd6 Kd7 39. Ke5 Ng4+ 40. Ke4 g6 41. Be5 Kc6 42. Bd4 Kd7 43. Be5 1/2-1/2

[Event "Istanbul Open 2018"]
[Site "Istanbul"]
[Date "2018.09.07"]
[Round "8"]
[White "Kalyoncuoglu, Naci Can"]
[Black "Yildiz, Erhan"]
[Result "0-1"]
[ECO "C44"]
[WhiteElo "1164"]
[BlackElo "1777"]
[Annotator "NA RC"]
[PlyCount "104"]
[EventDate "2018.09.02"]
[EventType "swiss"]
[EventCountry "TUR"]
[SourceTitle "playchess.com"]
[Source "ChessBase"]
[SourceQuality "1"]
[TimeControl "5400+30"]

1. e4 e5 2. d4 exd4 3. Bc4 Nc6 4. Nf3 Bc5 5. c3 d3 6. Qxd3 d6 7. Bg5 Nge7 8. O-O O-O 9. Rd1 Bg4 10. Nbd2 h6 11. Be3 Bb6 12. Bd4 Nxd4 13. cxd4 d5 14. Bb3 c6 15. h3 Bh5 16. g4 Bg6 17. Ne5 dxe4 18. Nxe4 Bh7 19. f4 Qc7 20. Kh1 Rad8 21. Qe3 Nd5 22. Bxd5 Rxd5 23. Nc3 Rdd8 24. Na4 Bc2 25. Nxb6 Bxd1 26. Nbd7 Rfe8 27. Rxd1 Rxd7 28. Rg1 Rd5 29. g5 h5 30. Qf3 g6 31. f5 Rxd4 32. Nxg6 fxg6 33. fxg6 Qe7 34. Kh2 Qe2+ 35. Qxe2 Rxe2+ 36. Kg3 Rxb2 37. h4 Rxa2 38. Re1 Ra3+ 39. Kg2 Rg4+ 40. Kf2 Rxh4 41. Kg2 Rg4+ 42. Kh2 Rxg5 43. g7 Rxg7 44. Rf1 Rd7 45. Re1 Rd2+ 46. Kh1 Rb3 47. Kg1 a5 48. Ra1 a4 49. Kh1 a3 50. Rg1+ Kh7 51. Rf1 a2 52. Rf7+ Kg6 0-1

[Event "Istanbul Open 2018"]
[Site "Istanbul"]
[Date "2018.09.08"]
[Round "9"]
[White "Bagaturov, Giorgi"]
[Black "Guven, Oguz Kagan"]
[Result "1-0"]
[ECO "D55"]
[WhiteElo "2396"]
[BlackElo "2022"]
[Annotator "NA"]
[PlyCount "69"]
[EventDate "2018.09.02"]
[EventType "swiss"]
[EventCountry "TUR"]
[SourceTitle "playchess.com"]
[Source "ChessBase"]
[SourceQuality "1"]
[TimeControl "5400+30"]

1. c4 Nf6 2. Nc3 e6 3. Nf3 d5 4. d4 Be7 5. Bg5 O-O 6. e3 h6 7. Bxf6 Bxf6 8. Rc1 c6 9. Be2 Nd7 $11 {[%emt 0:01:30] LiveBook: 16 Games} 10. O-O dxc4 11. Bxc4 e5 12. h3 exd4 13. exd4 Nb6 14. Bb3 Bf5 15. Re1 Qd6 16. Ne5 Bxe5 17. Rxe5 Bh7 18. Re3 Rad8 19. Qf3 Rd7 20. Rd1 Re7 21. d5 Rxe3 22. Qxe3 Bg6 23. dxc6 Qxc6 24. Qf4 Qc5 25. Qf3 Qc7 26. Nb5 Qe5 27. Nd6 Qxb2 28. Qxb7 Qa3 29. Qe7 a5 30. Re1 Ra8 31. Bxf7+ Bxf7 32. Qxf7+ Kh8 33. Ne8 Qc3 34. Re7 Nd5 35. Qf8+ 1-0